 Dungeon Crawl Stone Soup version 0.28-a0-1374-ga75cb3825e (webtiles) character file.

Game seed: 15606351293823439545

111871 ReploidZero the Spry (level 17, -11/221 HPs)
             Began as a Djinni Conjurer on Dec 31, 2021.
             Was the Champion of Jiyva.
             Mangled by Arachne (12 damage)
             ... on level 2 of the Spider Nest on Jan 1, 2022.
             The game lasted 01:56:36 (17450 turns).

ReploidZero the Spry (Djinni Conjurer)             Turns: 17450, Time: 01:56:36

Health: -11/221    AC: 31    Str:  6    XL:     17   Next: 13%
Gold:   910        EV: 10    Int: 32    God:    Jiyva [******] SH:  0 Dex: 12

rFire   + + .      SeeInvis .   y - staff of conjuration
rCold   . . .      Faith    .   (no shield)
rNeg    + + .      Spirit   .   (armour currently unavailable)
rPois   ∞          Reflect  .   (helmet unavailable)
rElec   +          Harm     .   s - +0 cloak "Radghiw" {rF+}
rCorr   +          Rampage  .   (gloves currently unavailable)
Will    ++++.      Clarity  +   (boots unavailable)
Stlth   +++.......              r - amulet of the Four Winds {rN+ Will+++ Clar}
HPRegen 2.06/turn               p - ring of ice
MPRegen 0.00/turn               a - ring of wizardry

@: mighty, brilliant, statue-form, flying, held, very slow
A: slow and powerful, torment resistance 1, flying, boosted hp, sickness
immunity, fire resistance 2, cold vulnerability 1, float, innate caster, hp
casting, extra vitality 1, beak, horns 3, (iridescent scales 1), clever 2, sense
surroundings 1, robust 3, (gelatinous body 2), translucent skin 1, MP-powered
wands, engulf
a: End Transformation, Renounce Religion, Oozemancy, Slimify


You were on level 2 of the Spider Nest.
You worshipped Jiyva.
Jiyva was exalted by your worship.
You were a living statue of rough stone.
You visited 3 branches of the dungeon, and saw 23 of its levels.

You collected 910 gold pieces.

Inventory:

Missiles
 e - 34 poisoned darts
 n - 2 throwing nets
Armour
 b - a +2 robe of cold resistance (melded)
 c - a +0 troll leather armour
 g - +0 acid dragon scales
 s - the +0 cloak "Radghiw" (worn) {rF+}
   (You found it on level 8 of the Dungeon)

   rF:        It protects you from fire.
Magical Staves
 y - a staff of conjuration (weapon)
Jewellery
 a - a ring of wizardry (right fist)
 h - an amulet of reflection
 p - a ring of ice (left fist)
 r - the amulet of the Four Winds (around neck) {rN+ Will+++ Clar}
   (You found it on level 8 of the Dungeon)

   [amulet of nothing]

   rN:        It protects you from negative energy.
   Clar:      It protects you against confusion.
   Will:      It greatly increases your willpower.
 w - a +6 ring of dexterity
 D - a ring of wizardry
 H - a +6 ring of strength
Wands
 m - a wand of acid (3)
 q - a wand of polymorph (11)
 u - a wand of mindburst (4)
 A - a wand of flame (9)
 E - a wand of paralysis (18)
Scrolls
 d - a scroll of brand weapon
 i - 2 scrolls of fear
 j - 2 scrolls of vulnerability
 x - 4 scrolls of teleportation
 z - a scroll of immolation
 G - 2 scrolls of enchant armour
Potions
 k - a potion of lignification
 l - 2 potions of flight
 t - a potion of curing
 B - a potion of mutation
 C - a potion of resistance
Miscellaneous
 f - a phantom mirror
 o - a piece from Xom's chessboard (15/15)


   Skills:
 + Level 15.4 Fighting
 - Level 0.6 Short Blades
 + Level 16.8 Dodging
 - Level 1.5 Stealth
 + Level 15.8 Spellcasting


You had 2 spell levels left.
You knew the following spells:

 Your Spells              Type           Power      Damage    Failure   Level
a - Magic Dart            Conj           100%       1d8       0%          1
b - Searing Ray           Conj           100%       2d8       0%          2
c - Dazzling Flash        Conj/Hex       100%       N/A       0%          3
d - Fulminant Prism       Conj/Hex       68%        3d28      1%          4
e - Iskenderun's Mystic   Conj/Tloc      100%       2d19      1%          4
f - Animate Skeleton      Necr           100%       N/A       0%          1
g - Call Imp              Summ           100%       N/A       0%          2
h - Gell's Gravitas       Tloc           100%       N/A       0%          3
i - Passage of Golubria   Tloc           100%       N/A       1%          4
j - Leda's Liquefaction   Hex/Erth       56%        N/A       1%          4
k - Lee's Rapid Deconstr  Erth           56%        3d27*     1%          5
l - Statue Form           Tmut/Erth      75%        N/A       1%          6
m - Simulacrum            Ice/Necr       68%        N/A       1%          6
Your spell library was empty.

Dungeon Overview and Level Annotations

Branches:
Dungeon (15/15)            Temple (0/1) D:7            Lair (6/6) D:10
  Swamp (0/4) Lair:3       Spider (2/4) Lair:4        Slime (0/5) Lair:5
    Orc (0/2) D:11         Vaults (0/5) D:14         Depths (0/4) D:15

Altars:
Ashenzari
Dithmenos
Gozag
Nemelex Xobeh
Trog
Uskayaw
Wu Jian
Xom
Jiyva

Shops:
D:8 :   D:9 *

Annotations:
D:11 3 runed translucent doors, browni3141's ghost, journeyman PaBe
Spider:2 Arachne


Innate Abilities, Weirdness & Mutations

You are a living statue of rough stone.
Your actions are slow, but your melee attacks are powerful.
You are resistant to unholy torment.
You are flying.
Your maximum health is greatly increased.
Your equipment is partially melded.
You are immune to sickness and miasma.
You are immune to poison.
Your flesh is very heat resistant. (rF++)
You are vulnerable to cold. (rC-)
You float through the air rather than walking.
You learn spells naturally, not from books.
Your magical power is your life essence.
You have superior vitality. (+4 MHP)
You have a beak for a mouth.
You have a pair of large horns on your head.
((You are partially covered in iridescent scales. (AC +2)))
Your mind is very acute. (Int +4)
You passively map a small area around you.
You are extremely robust. (+30% HP)
((Your pliable body absorbs attacks. (AC +2, EV +2)))
Your translucent skin slightly reduces your foes' accuracy. (Stealth+)
You expend health (3 HP) to strengthen your wands.
Your melee attacks may engulf your foes in ooze.


Message History

You hear an angry hiss.
You hear an angry buzzing noise. x2
You hear an angry hiss.
You hear some strange, mumbled words.
A bolt of poison appears from out of thin air!
The bolt of poison hits you but does no damage.
You resist.
A stream of webbing shoots out from thin air.
A stream of webbing appears from out of thin air!
The stream of webbing hits you but does no damage.
You are even more entangled.
Casting: Lee's Rapid Deconstruction (safe; 1% risk of failure)
Confirm with . or Enter, or press ? or * to list all spells.
You can't see any susceptible monsters within range! (Use Z to cast anyway.)
Casting: Lee's Rapid Deconstruction (safe; 1% risk of failure)
Confirm with . or Enter, or press ? or * to list all spells.
Aiming: Lee's Rapid Deconstruction (safe; 1% risk of failure)
Press: ? - help, Dir - move target A rock wall.
You feel a surge of power!
The wall shatters!
The blast of rock fragments hits something!!
* * * LOW HITPOINT WARNING * * *
You hear an angry hiss. x2
A moth of wrath comes into view.
A stream of webbing shoots out from thin air.
A stream of webbing appears from out of thin air!
The stream of webbing hits you but does no damage.
You are even more entangled.
You hear some strange, mumbled words.
A poison arrow appears from out of thin air!
The poison arrow hits you. You partially resist.
* * * LOW HITPOINT WARNING * * *
Casting: Lee's Rapid Deconstruction (safe; 1% risk of failure)
Confirm with . or Enter, or press ? or * to list all spells.
You don't know that spell.
Casting: Lee's Rapid Deconstruction (safe; 1% risk of failure)
Confirm with . or Enter, or press ? or * to list all spells.
Okay, then.
Something hits you!
* * * LOW HITPOINT WARNING * * *
Something hits you!
You die...

, , * , * * , * , * * .. *,
, * ,, , .. , ..* * .^#* >
^.. * , #..###* .. ### , *
* , , .^..#####.# #.###*, *
^ ###..#.#.#†#.#.{8###
^#.....#.....##.^..## ** *
, ....†.....# * ###...# , .
,
...###....######(y.###,..#
,
####...#...#..#..††#.#...#,
, ,
#....#...#..####.......# ,
, #..####.......#†....####
...# ,#.>..#.....#..# *
..^.* ....##.##^#####.... ,
,


You could see a moth of wrath.

Vanquished Creatures
  Rupert (Lair:3)
  Azrael (D:13)
  A dire elephant (D:15)
  A vault guard (D:14)
  Harold (D:10)
  A jorogumo (Spider:1)
  8 hydras
  2 catoblepae
  5 boulder beetles
  Erica (D:10)
  5 death yaks
  4 centaur warriors
  A dancing weapon (Lair:3)
  A merfolk avatar (Lair:6)
  A two-headed ogre (D:7)
  2 tengu warriors (D:14)
  3 pharaoh ants (Spider:2)
  2 sun moths
  2 sea snakes (Lair:6)
  4 orb spiders
  A wizard (D:15)
  A harpy (Lair:6)
  5 wolf spiders
  The ghost of BubbleThief the Reanimator, a novice DsNe (D:5)
  An orc knight (D:14)
  4 manticores
  A salamander (D:15)
  20 ugly things
  5 cyclopes
  7 black mambas
  18 elephants
  15 cane toads
  3 torpor snails
  2 demonic crawlers (Spider:1)
  20 komodo dragons
  2 freezing wraiths
  6 rime drakes
  Maggie (D:7)
  3 tengu conjurers
  An efreet (D:15)
  4 trolls
  8 polar bears
  A hornet (Lair:6)
  9 meliai
  A troll (shapeshifter) (D:13)
  16 tarantellas
  A tyrant leech (Lair:3)
  19 blink frogs
  A snapping turtle (Lair:6)
  Sigmund (D:4)
  19 jumping spiders
  8 culicivoras
  A water elemental (D:15)
  2 wraiths
  2 vampires
  2 shadows (D:11)
  6 fire elementals (D:13)
  5 wyverns
  A yak (shapeshifter) (D:15)
  99 yaks
  Grum (D:10)
  4 basilisks
  4 steam dragons
  19 redbacks
  3 vampire mosquitoes (D:12)
  2 swamp worms (Lair:3)
  An acid dragon (D:9)
  17 water moccasins
  2 hell hounds (D:13)
  A sky beast (D:6)
  2 ice beasts
  5 orc warriors
  A black bear (Lair:2)
  2 ogres
  22 wolves
  12 centaurs
  A phantom (D:5)
  2 kobold brigands (D:9)
  5 bullfrogs
  3 scorpions
  A water moccasin zombie (D:6)
  A water moccasin skeleton (D:6)
  9 killer bees
  A lava snake (D:10)
  4 centaur zombies
  2 hounds (D:5)
  9 orc priests
  Crazy Yiuf (D:7)
  A centaur skeleton (D:6)
  A gnoll shaman (D:4)
  An iguana (D:6)
  11 orc wizards
  A howler monkey zombie (D:9)
  A gnoll (D:4)
  5 adders
  A shadow imp (D:5)
  An ufetubus (D:5)
  A worm (D:2)
  47 orcs
  10 ball pythons
  An endoplasm (D:1)
  5 giant cockroaches
  7 goblins
  3 hobgoblins
  3 jackals (D:4)
  4 quokkas
  4 bats
  3 frilled lizards
  16 kobolds
  2 rats
  A butterfly (D:7)
637 creatures vanquished.

Vanquished Creatures (collateral kills)
  The ghost of Lenagic the Cleaver, a journeyman VSBe of Trog (Lair:3)
  An orb spider (Spider:1)
  Joseph (D:10)
  2 komodo dragons
  A yak (Lair:5)
  An adder skeleton (D:4)
  A dart slug (D:4)
  A jackal (D:4)
9 creatures vanquished.

Vanquished Creatures (others)
  A centaur warrior (D:15)
  A harpy (Lair:6)
  A cyclops (D:15)
  A manticore (D:15)
  A rime drake (Lair:6)
  2 slime creatures (D:15)
  A blink frog (Lair:3)
  A jumping spider (Spider:1)
  2 water elementals (D:15)
  A steam dragon (Lair:6)
  A wyvern (Lair:6)
  A sky beast (shapeshifter) (D:14)
  An ogre (D:6)
  A necrophage (D:6)
  7 centaurs
  A bullfrog (D:8)
  An electric eel (D:15)
  66 jellies
  Terence (D:3)
  A hound skeleton (D:5)
  2 gnolls (D:4)
  2 adders
  A white imp (D:6)
  A worm (D:4)
  An endoplasm (D:4)
  6 orcs
  2 giant cockroaches
  2 goblins (D:4)
  2 bats (D:3)
  A frilled lizard (D:3)
  39 fulminant prisms
  121 fungi
  147 plants
420 creatures vanquished.

Grand Total: 1066 creatures vanquished

Notes
Turn   | Place    | Note
-------+----------+-------------------------------------------
     0 | D:1      | ReploidZero the Djinni Conjurer began the quest for the
                  | Orb.
     0 | D:1      | Reached XP level 1. HP: 15/15 MP: 0/0
   393 | D:1      | Reached XP level 2. HP: 16/21 MP: 0/0
   480 | D:1      | Found a faded altar of an unknown god.
   493 | D:1      | Prayed at the altar of an unknown god.
   493 | D:1      | Became a worshipper of Jiyva Juepnuer the Shapeless
   493 | D:1      | Reached * piety under Jiyva
   933 | D:2      | Reached XP level 3. HP: 18/25 MP: 0/0
   933 | D:2      | Learned a level 1 spell: Animate Skeleton
  1010 | D:2      | Reached ** piety under Jiyva
  1325 | D:2      | Reached XP level 4. HP: 31/31 MP: 0/0
  1606 | D:3      | Reached *** piety under Jiyva
  1647 | D:3      | Killed Terence
  1719 | D:3      | Gained mutation: You are agile. (Dex +2) [Jiyva's grace]
  1719 | D:3      | Gained mutation: You are very agile. (Dex +4) [Jiyva's
                  | grace]
  1719 | D:3      | Gained mutation: You have a pair of small horns on your
                  | head. [Jiyva's grace]
  1719 | D:3      | Gained mutation: You have a pair of horns on your head.
                  | [Jiyva's grace]
  2096 | D:4      | Reached XP level 5. HP: 24/36 MP: 0/0
  2096 | D:4      | Learned a level 2 spell: Call Imp
  2174 | D:4      | Noticed Sigmund
  2294 | D:4      | Reached skill level 1 in Fighting
  2294 | D:4      | Reached skill level 5 in Spellcasting
  2330 | D:4      | Reached XP level 6. HP: 28/42 MP: 0/0
  2519 | D:4      | Reached **** piety under Jiyva
  2575 | D:4      | Killed Sigmund
  2576 | D:4      | Reached XP level 7. HP: 45/47 MP: 0/0
  2576 | D:4      | Learned a level 3 spell: Gell's Gravitas
  2735 | D:5      | Entered Level 5 of the Dungeon
  2813 | D:5      | Reached XP level 8. HP: 52/52 MP: 0/0
  2889 | D:5      | Found a runed translucent door.
  2929 | D:5      | Noticed BubbleThief's ghost (novice DsNe)
  2983 | D:5      | Killed BubbleThief's ghost
  3076 | D:5      | Found a broken altar of Ashenzari.
  3481 | D:6      | Reached ***** piety under Jiyva
  3502 | D:6      | Noticed a slime creature
  3502 | D:6      | a centaur skeleton changed into a slime creature
  3509 | D:6      | Found a shadowy altar of Dithmenos.
  3510 | D:6      | Found an opulent altar of Gozag.
  3550 | D:6      | Reached XP level 9. HP: 54/57 MP: 0/0
  3550 | D:6      | Learned a level 4 spell: Passage of Golubria
  3593 | D:6      | Lost mutation: You have a pair of horns on your head.
                  | [Jiyva's grace]
  3593 | D:6      | Lost mutation: You are very agile. (Dex +4) [Jiyva's grace]
  3593 | D:6      | Gained mutation: You passively map a small area around you.
                  | [Jiyva's grace]
  3593 | D:6      | Gained mutation: You passively map the area around you.
                  | [Jiyva's grace]
  3593 | D:6      | Gained mutation: You passively map a large area around you.
                  | [Jiyva's grace]
  3593 | D:6      | Gained mutation: You have a pair of horns on your head.
                  | [Jiyva's grace]
  4004 | D:7      | Noticed Maggie
  4014 | D:7      | Killed Maggie
  4048 | D:7      | Noticed a two-headed ogre
  4063 | D:7      | Killed a two-headed ogre
  4064 | D:7      | Reached skill level 10 in Spellcasting
  4218 | D:7      | Reached XP level 10. HP: 50/62 MP: 0/0
  4261 | D:7      | Found a staircase to the Ecumenical Temple.
  4425 | D:7      | Found a runed translucent door.
  4426 | D:7      | Noticed Crazy Yiuf
  4642 | D:7      | Killed Crazy Yiuf
  4761 | D:8      | Reached skill level 3 in Dodging
  4765 | D:8      | Reached skill level 4 in Dodging
  4794 | D:8      | Found the amulet of the Four Winds {rN+ Will+++ Clar}
  4959 | D:8      | Identified the +0 cloak "Radghiw" {rF+}
  5115 | D:8      | Lost mutation: You passively map a large area around you.
                  | [Jiyva's grace]
  5115 | D:8      | Gained mutation: You are very agile. (Dex +4) [Jiyva's
                  | grace]
  5115 | D:8      | Gained mutation: Armour fits poorly on your pseudopods.
                  | [Jiyva's grace]
  5115 | D:8      | Gained mutation: Armour fits poorly on your large
                  | pseudopods. [Jiyva's grace]
  5115 | D:8      | Gained mutation: Armour fits poorly on your massive
                  | pseudopods. [Jiyva's grace]
  5424 | D:8      | Found Okkees's Book Emporium.
  5532 | D:9      | Reached skill level 5 in Dodging
  5538 | D:9      | Reached XP level 11. HP: 48/74 MP: 0/0
  5538 | D:9      | Learned a level 4 spell: Leda's Liquefaction
  5541 | D:9      | Reached skill level 5 in Fighting
  5543 | D:9      | Reached skill level 6 in Dodging
  5674 | D:9      | Reached ****** piety under Jiyva
  5927 | D:9      | Found Oryka's Neck Hole.
  6131 | D:10     | Entered Level 10 of the Dungeon
  6131 | D:10     | Noticed Erica
  6142 | D:10     | Killed Erica
  6143 | D:10     | Reached skill level 7 in Dodging
  6162 | D:10     | Noticed Grum
  6167 | D:10     | Noticed Harold
  6176 | D:10     | Killed Grum
  6193 | D:10     | Killed Harold
  6223 | D:10     | Found a staircase to the Lair.
  6314 | D:10     | Noticed Joseph
  6333 | Lair:1   | Entered Level 1 of the Lair of Beasts
  6342 | Lair:1   | Reached skill level 8 in Dodging
  6365 | D:10     | Killed Joseph
  6375 | D:10     | Noticed Fannar
  6387 | D:10     | Slimified Fannar
  6387 | D:10     | Noticed Fannar
  6387 | D:10     | Fannar changed into Fannar the acid blob
  6652 | D:11     | Noticed a boulder beetle
  6774 | Lair:1   | Found a bloodstained altar of Trog.
  6777 | Lair:1   | Reached XP level 12. HP: 75/85 MP: 0/0
  6993 | Lair:1   | Lost mutation: You have a pair of horns on your head.
                  | [Jiyva's grace]
  6993 | Lair:1   | Lost mutation: Armour fits poorly on your massive
                  | pseudopods. [Jiyva's grace]
  6993 | Lair:1   | Gained mutation: You possess an exceptional clarity of
                  | mind. [Jiyva's grace]
  6993 | Lair:1   | Gained mutation: You expend health (3 HP) to strengthen
                  | your wands. [Jiyva's grace]
  6993 | Lair:1   | Gained mutation: You have a pair of horns on your head.
                  | [Jiyva's grace]
  6993 | Lair:1   | Gained mutation: You have a pair of large horns on your
                  | head. [Jiyva's grace]
  7208 | Lair:1   | Reached skill level 9 in Dodging
  8203 | Lair:2   | Reached skill level 10 in Dodging
  8306 | Lair:2   | Reached XP level 13. HP: 91/94 MP: 0/0
  8306 | Lair:2   | Learned a level 5 spell: Lee's Rapid Deconstruction
  8603 | Lair:2   | Reached skill level 11 in Dodging
  8611 | Lair:2   | Reached skill level 10 in Fighting
  8997 | Lair:3   | Found a runed translucent door.
  8998 | Lair:3   | Noticed Lenagic's ghost (journeyman VSBe)
  9001 | Lair:3   | Found a shimmering altar of Xom.
  9017 | Lair:3   | Noticed an eight-headed hydra
  9081 | Lair:3   | Lost mutation: You have a pair of large horns on your head.
                  | [Jiyva's grace]
  9081 | Lair:3   | Gained mutation: Your mind is acute. (Int +2) [Jiyva's
                  | grace]
  9081 | Lair:3   | Gained mutation: Your mind is very acute. (Int +4) [Jiyva's
                  | grace]
  9081 | Lair:3   | Gained mutation: Your rubbery body absorbs attacks. (AC +1,
                  | EV +1) [Jiyva's grace]
  9081 | Lair:3   | Gained mutation: Your pliable body absorbs attacks. (AC +2,
                  | EV +2) [Jiyva's grace]
  9181 | Lair:3   | Noticed Rupert
  9201 | Lair:3   | Killed Rupert
  9254 | Lair:3   | Killed an eight-headed hydra
  9368 | Lair:3   | Noticed an eight-headed hydra
  9371 | Lair:3   | Noticed a seven-headed hydra
  9374 | Lair:3   | Killed an eight-headed hydra
  9375 | Lair:3   | Reached skill level 12 in Dodging
  9379 | Lair:3   | Killed a seven-headed hydra
  9393 | Lair:3   | Found a staircase to the Swamp.
  9510 | Lair:3   | Reached XP level 14. HP: 93/105 MP: 0/0
  9595 | Lair:3   | Found a hide-covered altar of Uskayaw.
  9595 | Lair:3   | Found an ornate altar of the Wu Jian Council.
  9808 | Lair:3   | Killed Lenagic's ghost
 10251 | Lair:4   | Lost mutation: You are very agile. (Dex +4) [Jiyva's grace]
 10251 | Lair:4   | Lost mutation: Your mind is very acute. (Int +4) [Jiyva's
                  | grace]
 10251 | Lair:4   | Lost mutation: Your pliable body absorbs attacks. (AC +2,
                  | EV +2) [Jiyva's grace]
 10251 | Lair:4   | Gained mutation: Your flesh is almost immune to the effects
                  | of heat. (rF+++) [Jiyva's grace]
 10251 | Lair:4   | Gained mutation: Armour fits poorly on your massive
                  | pseudopods. [Jiyva's grace]
 10251 | Lair:4   | Gained mutation: Your mind is very acute. (Int +4) [Jiyva's
                  | grace]
 10251 | Lair:4   | Gained mutation: Your pliable body absorbs attacks. (AC +2,
                  | EV +2) [Jiyva's grace]
 10379 | Lair:4   | Found a hole to the Spider Nest.
 10558 | Lair:4   | Reached skill level 13 in Dodging
 11577 | Lair:5   | Gained mutation: Your melee attacks may engulf your foes in
                  | ooze. [Jiyva's grace]
 11577 | Lair:5   | Gained mutation: You are partially covered in iridescent
                  | scales. (AC +2) [Jiyva's grace]
 11577 | Lair:5   | Gained mutation: You are mostly covered in iridescent
                  | scales. (AC +4) [Jiyva's grace]
 11577 | Lair:5   | Gained mutation: You are completely covered in iridescent
                  | scales. (AC +6) [Jiyva's grace]
 11660 | Lair:5   | Found a runed translucent door.
 11727 | Lair:5   | Found a viscous altar of Jiyva.
 11727 | Lair:5   | Noticed an acid blob
 11981 | Lair:5   | Noticed an acid blob
 11985 | Lair:5   | Found a staircase to the Slime Pits.
 12022 | Lair:6   | Entered Level 6 of the Lair of Beasts
 12033 | Lair:6   | Reached XP level 15. HP: 84/113 MP: 0/0
 12033 | Lair:6   | Learned a level 6 spell: Statue Form
 12039 | Lair:6   | Reached skill level 14 in Dodging
 13048 | Lair:6   | Identified the +11 trident of Fuakk {protect, rElec rN+
                  | Str-2}
 13315 | D:11     | Lost mutation: You have a pair of horns on your head.
                  | [Jiyva's grace]
 13315 | D:11     | Lost mutation: You are completely covered in iridescent
                  | scales. (AC +6) [Jiyva's grace]
 13315 | D:11     | Lost mutation: Your mind is very acute. (Int +4) [Jiyva's
                  | grace]
 13315 | D:11     | Lost mutation: Your flesh is almost immune to the effects
                  | of heat. (rF+++) [Jiyva's grace]
 13315 | D:11     | Lost mutation: You passively map the area around you.
                  | [Jiyva's grace]
 13315 | D:11     | Lost mutation: Your pliable body absorbs attacks. (AC +2,
                  | EV +2) [Jiyva's grace]
 13315 | D:11     | Lost mutation: Armour fits poorly on your massive
                  | pseudopods. [Jiyva's grace]
 13315 | D:11     | Gained mutation: You have a pair of horns on your head.
                  | [Jiyva's grace]
 13315 | D:11     | Gained mutation: You have a pair of large horns on your
                  | head. [Jiyva's grace]
 13315 | D:11     | Gained mutation: Armour fits poorly on your massive
                  | pseudopods. [Jiyva's grace]
 13315 | D:11     | Gained mutation: You are completely covered in iridescent
                  | scales. (AC +6) [Jiyva's grace]
 13638 | D:11     | Found a staircase to the Orcish Mines.
 13707 | D:11     | Identified the +1 chain mail of Siacvor {Fly Will+ Dex-5}
 13730 | D:11     | Noticed browni3141's ghost (journeyman PaBe)
 13731 | D:11     | Found a runed translucent gate.
 13731 | D:11     | Found a runed translucent gate.
 13732 | D:11     | Found a runed translucent gate.
 14538 | D:13     | Reached skill level 15 in Dodging
 14654 | D:13     | Found a bloodstained altar of Trog.
 14654 | D:13     | Noticed Azrael
 14662 | D:13     | Killed Azrael
 14746 | D:14     | Reached skill level 15 in Spellcasting
 14817 | D:14     | Reached XP level 16. HP: 121/123 MP: 0/0
 15117 | D:14     | Lost mutation: You are completely covered in iridescent
                  | scales. (AC +6) [Jiyva's grace]
 15117 | D:14     | Lost mutation: You are agile. (Dex +2) [Jiyva's grace]
 15117 | D:14     | Lost mutation: Armour fits poorly on your massive
                  | pseudopods. [Jiyva's grace]
 15117 | D:14     | Gained mutation: You have a beak for a mouth. [Jiyva's
                  | grace]
 15117 | D:14     | Gained mutation: Your pliable body absorbs attacks. (AC +2,
                  | EV +2) [Jiyva's grace]
 15117 | D:14     | Gained mutation: Your gelatinous body deflects attacks. (AC
                  | +3, EV +3) [Jiyva's grace]
 15117 | D:14     | Gained mutation: Your translucent skin slightly reduces
                  | your foes' accuracy. (Stealth+) [Jiyva's grace]
 15303 | D:14     | Found a gate to the Vaults.
 15453 | D:15     | Entered Level 15 of the Dungeon
 15588 | D:15     | Found a sparkling altar of Nemelex Xobeh.
 15667 | D:15     | Found a staircase to the Depths.
 15756 | D:15     | Reached skill level 16 in Dodging
 16390 | Spider:1 | Entered Level 1 of the Spider Nest
 16514 | Spider:1 | Lost mutation: You are mostly covered in iridescent scales.
                  | (AC +4) [Jiyva's grace]
 16514 | Spider:1 | Lost mutation: You possess an exceptional clarity of mind.
                  | [Jiyva's grace]
 16514 | Spider:1 | Lost mutation: Your gelatinous body deflects attacks. (AC
                  | +3, EV +3) [Jiyva's grace]
 16514 | Spider:1 | Lost mutation: Armour fits poorly on your large pseudopods.
                  | [Jiyva's grace]
 16514 | Spider:1 | Lost mutation: Armour fits poorly on your pseudopods.
                  | [Jiyva's grace]
 16514 | Spider:1 | Gained mutation: Your mind is very acute. (Int +4) [Jiyva's
                  | grace]
 16514 | Spider:1 | Gained mutation: You are robust. (+10% HP) [Jiyva's grace]
 16514 | Spider:1 | Gained mutation: You are very robust. (+20% HP) [Jiyva's
                  | grace]
 16514 | Spider:1 | Gained mutation: You are extremely robust. (+30% HP)
                  | [Jiyva's grace]
 16558 | Spider:1 | Reached skill level 15 in Fighting
 17334 | Spider:2 | Reached XP level 17. HP: 163/170 MP: 0/0
 17334 | Spider:2 | Learned a level 6 spell: Simulacrum
 17426 | Spider:2 | Noticed Arachne
 17444 | Spider:2 | HP: 7/170 [something (23)]
 17449 | Spider:2 | HP: 8/221 [something/poison arrow (2)]
 17450 | Spider:2 | HP: 1/221 [something (10)]
 17450 | Spider:2 | Mangled by Arachne

Illustrated notes

Levels and vault maps discovered:
D:1:      beargit_arrival_greenhouse, layout_loops_ring,
          chequers_ecumenical_altar_island
D:2:      layout_loops_cross, minmay_pentomino_r4
D:3:      layout_basic, chequers_hall_statues_wall_a, uniq_terence
D:4:      minmay_wonky_spiral, layout_gridville,
          eino_small_chamber_without_monster, uniq_sigmund
D:5:      layout_rooms, nicolae_ashenzari_panopticon, ebering_ghost_sewer_d
D:6:      layout_basic, mainiacjoe_overflow_divided_tiny, chequers_avenue
D:7:      layout_basic, minmay_temple_entry_butterflies, uniq_maggie,
          uniq_crazy_yiuf_cottage
D:8:      layout_basic, serial_shops, nicolae_shop_behind_doors, corner_web_ring
D:9:      layout_cave_pools, nicolae_shop_sticking_my_neck_out
D:10:     layout_big_octagon, lair_entry_dummy, kennysheep_pointless_box,
          minmay_misc_feat_hallway, uniq_harold, uniq_grum, uniq_erica,
          uniq_fannar, uniq_joseph
D:11:     layout_long_grid, hiddenorc2_lemuel, serial_glass, glass_columns_b,
          glass_columns_c, glass_columns_b, glass_columns_b,
          gammafunk_ghost_split, grunt_ministairs_4
D:12:     layout_roguey
D:13:     layout_gridville, trog_hazing_becter, uniq_azrael
D:14:     layout_gridville, david_vaults_5, kennysheep_big_empty_room
D:15:     hangedman_depths_entry_try_elsewhere_first, layout_irregular_city,
          serial_bayou_shore_a, nemelex_diamond_rough_becter
Lair:1:   layout_layer_cave, basic_altar, beast_lair_carwin_6,
          infiniplex_staircase_pool_2
Lair:2:   layout_chaotic_city, grunt_megastairs_3
Lair:3:   layout_hall_layers, palyth_hydra_swamp_entry, ebering_ghost_xom,
          nzn_masters_of_martial_movement, uniq_rupert
Lair:4:   layout_layer_cave, nicolae_spider_entry_tight_spaces,
          beast_lair_carwin_7, grunt_megastairs_4
Lair:5:   layout_long_grid, slime_altar_2
Lair:6:   gammafunk_lair_ancient_temple, layout_hall_layers,
          minmay_lair_drake_nest
Spider:1: layout_spider_delve
Spider:2: layout_spider_delve, hangedman_spider_tarantella_strand, uniq_arachne,
          uniq_roxanne, uniq_louise, uniq_frances

Skill      XL: |  1  2  3  4  5  6  7  8  9 10 11 12 13 14 15 16 |
---------------+-------------------------------------------------+-----
Spellcasting   | 4 5 6 7 8 10 11 12 13 14 15 | 15.8
Fighting       | 1 4 7 9 11 12 14 15 | 15.4
Dodging        | 5 8 10 12 13 15 16 | 16.8
Short Blades   | |  0.6
Stealth        | |  1.5

Action                   |  1- 3 |  4- 6 |  7- 9 | 10-12 | 13-15 | 16-18 || total
-------------------------+-------+-------+-------+-------+-------+-------++-------
Melee: Dagger            |     4 |    45 |     9 |     9 |     6 |       ||    73
       Headbutt          |       |     3 |     1 |       |     1 |     1 ||     6
       Pseudopods        |       |       |       |     2 |     1 |       ||     3
       Staff             |       |       |       |       |     5 |     2 ||     7
 Cast: Magic Dart        |    51 |    23 |    37 |    54 |   149 |    30 ||   344
       Searing Ray       |     1 |    11 |    28 |    41 |    75 |    22 ||   178
       Fulminant Prism   |       |     5 |     1 |    11 |    14 |     9 ||    40
       Call Imp          |       |     2 |       |     2 |       |       ||     4
       Iskenderun's Myst |       |     1 |    17 |   113 |   221 |    81 ||   433
       Leda's Liquefacti |       |       |       |     5 |    10 |     3 ||    18
       Lee's Rapid Decon |       |       |       |       |    63 |    86 ||   149
       Gell's Gravitas   |       |       |       |       |     2 |     1 ||     3
       Statue Form       |       |       |       |       |     9 |     5 ||    14
Invok: Slimify           |       |       |     1 |     1 |       |       ||     2
       Oozemancy         |       |       |       |     2 |     9 |     1 ||    12
Evoke: Wand              |       |       |       |       |     3 |       ||     3
  Use: Scroll            |     1 |     1 |     4 |     8 |     3 |     6 ||    23
       Potion            |       |     1 |     1 |     4 |     1 |     3 ||    10
 Stab: Sleeping          |       |       |     1 |       |       |       ||     1
Armor: Robe              |     1 |    10 |    12 |     6 |    28 |    16 ||    73
       Skin              |       |       |     5 |       |    64 |    23 ||    92
Dodge: Dodged            |     7 |    34 |    48 |    70 |   282 |    99 ||   540

Table legend: (Time is in decaauts)
 A = Elapsed time spent in this place.
 B = Non-inter-level travel time spent in this place.
 C = Inter-level travel time spent in this place.
 D = Time resting spent in this place.
 E = Time spent auto-exploring this place.
 F = Levels seen in this place.
 G = Mean time per level.
                   A        B        C        D        E       F      G
               +--------+--------+--------+--------+--------+-----+--------+
         Total |  17909 |  16808 |   1101 |      0 |  12875 |  23 |  778.7 |
       Dungeon |  10060 |   9490 |    570 |      0 |   7309 |  15 |  670.7 |
          Lair |   6832 |   6344 |    488 |      0 |   4898 |   6 | 1138.7 |
   Spider Nest |   1016 |    974 |     42 |      0 |    667 |   2 |  508.0 |
               +--------+--------+--------+--------+--------+-----+--------+

Top non-repeatable levels by time:
  Lair:1: 1587 daAuts
  Lair:4: 1568 daAuts
  Lair:6: 1162 daAuts
    D:11: 910 daAuts
Spider:1: 880 daAuts
  Lair:2: 878 daAuts
  Lair:3: 855 daAuts
     D:8: 849 daAuts
    D:15: 805 daAuts
    D:14: 798 daAuts
     D:1: 786 daAuts
  Lair:5: 779 daAuts
     D:7: 699 daAuts
     D:6: 672 daAuts
     D:3: 670 daAuts
